 Dungeon Crawl Stone Soup version 0.28.0 (webtiles) character file.

Game seed: 6063189591895723144

9634 browni3141 the Blocker (level 11, -2/101 HPs)
             Began as a Minotaur Berserker on Feb 15, 2022.
             Was an Elder of Trog.
             Slain by a blink frog (14 damage)
             ... on level 2 of the Lair of Beasts.
             The game lasted 00:06:58 (11513 turns).

browni3141 the Blocker (Minotaur Berserker)        Turns: 11513, Time: 00:06:59

Health: -2/101     AC: 20    Str: 31    XL:     11   Next: 25%
Magic:  10/10      EV:  7    Int:  4    God:    Trog [****..]
Gold:   477        SH: 16    Dex: 11    Spells: 10/10 levels left

rFire   . . .      SeeInvis .   I - +5 war axe
rCold   . . .      Faith    .   g - +0 tower shield
rNeg    . . .      Spirit   .   P - +0 plate armour
rPois   .          Reflect  .   p - +0 hat
rElec   .          Harm     .   w - +0 cloak
rCorr   .          Rampage  .   T - +2 pair of gloves
Will    .....                   l - +0 pair of boots
Stlth   ..........              (no amulet)
HPRegen 0.26/turn               h - +6 ring of strength
MPRegen 0.12/turn               (no ring)

@: on berserk cooldown, slowed, very slow
A: horns 2, retaliatory headbutt
a: Renounce Religion, Berserk, Trog's Hand, Brothers in Arms


You were on level 2 of the Lair of Beasts.
You worshipped Trog.
Trog was greatly pleased with you.
You visited 3 branches of the dungeon, and saw 12 of its levels.

You collected 477 gold pieces.

Inventory:

Hand Weapons
 a - a +0 hand axe
 m - a +0 war axe
 I - a +5 war axe (weapon)
Missiles
 s - 5 throwing nets (quivered)
 v - 5 curare-tipped darts
Armour
 b - a +0 animal skin
 d - a +0 chain mail
 g - a +0 tower shield (worn)
 l - a +0 pair of boots (worn)
 p - a +0 hat (worn)
 w - a +0 cloak (worn)
 y - the +2 leather armour of the Dropbear {rF+ Str+7 Dex+3}
   (You found it on level 6 of the Dungeon)

   Str:       It affects your strength (+7).
   Dex:       It affects your dexterity (+3).
   rF:        It protects you from fire.
 P - a +0 plate armour (worn)
 Q - a +0 pair of boots
 T - a +2 pair of gloves (worn)
Jewellery
 h - a +6 ring of strength (left hand)
 q - a ring of magical power
Wands
 n - a wand of flame (65)
 u - a wand of iceblast (8)
Scrolls
 c - a scroll of magic mapping
 e - 8 scrolls of teleportation
 f - a scroll of torment
 i - a scroll of holy word
 k - 3 scrolls of fear
 r - a scroll of vulnerability
 A - 2 scrolls of enchant weapon
 C - 2 scrolls of amnesia
 D - a scroll of silence
 E - a scroll of fog {unknown}
 K - a scroll of acquirement {unknown}
 M - a scroll of blinking {unknown}
 O - 2 scrolls of noise {unknown}
 R - a scroll of immolation {unknown}
Potions
 j - 4 potions of degeneration {unknown}
 o - 2 potions of brilliance {unknown}
 t - a potion of lignification {unknown}
 x - 5 potions of curing {unknown}
 z - 3 potions of haste {unknown}
 B - a potion of ambrosia {unknown}
 F - 2 potions of mutation {unknown}
 G - 2 potions of attraction {unknown}
 H - a potion of cancellation {unknown}
 J - a potion of flight {unknown}
 L - a potion of resistance {unknown}
 N - a potion of heal wounds {unknown}
 S - a potion of might {unknown}


   Skills:
 * Level 10.4 Fighting
 * Level 10.4 Axes
 * Level 10.1 Armour
 - Level 5.0 Dodging
 * Level 11.9 Shields


You had 10 spell levels left.
You didn't know any spells.
Your spell library was empty.

Dungeon Overview and Level Annotations

Branches:
Dungeon (9/15)             Temple (1/1) D:6            Lair (2/6) D:9
  Swamp: Lair:2-4    Shoals: Lair:2-4     Snake: Lair:2-4    Spider: Lair:2-4
    Orc: D:9-12

Altars:
Dithmenos
Elyvilon
Gozag
Nemelex Xobeh
Okawaru
Ru
Wu Jian
Xom

Shops:
D:3 *


Innate Abilities, Weirdness & Mutations

You have a pair of horns on your head.
You reflexively headbutt those who attack you in melee.


Message History

The blink frog hits you.
* * * LOW HITPOINT WARNING * * *
The blink frog blinks! x2
You slash the blink frog!
The blink frog is severely wounded.
The blink frog blinks! x2; You block the blink frog's attack.
The blink frog hits you.
* * * LOW HITPOINT WARNING * * *
The blink frog blinks!
Your unstable footing causes you to fumble your attack.
The blink frog barely misses you.
The blink frog hits you but does no damage.
You block the blink frog's attack.
Unknown command.
Your unstable footing causes you to fumble your attack.
The blink frog blinks!
You block the blink frog's attack.
The blink frog blinks! x6
Unknown command.
Your ogre goes berserk!
You block the blink frog's attack.
Unknown command.
Your unstable footing causes you to fumble your attack.
You block the blink frog's attack.
The blink frog hits you but does no damage.
Your ogre hits the blink frog with a +0 giant club!!
The blink frog dies!
Trog accepts your kill.
The blink frog blinks!
Unknown command.
You slash the blink frog!
The blink frog is heavily wounded.
You block the blink frog's attack.
Your ogre barely misses the blink frog.
The blink frog hits you!
* * * LOW HITPOINT WARNING * * *
The blink frog hits your ogre!
The blink frog hits you but does no damage.
You block the blink frog's attack.
Your ogre barely misses the blink frog.
Your unstable footing causes you to fumble your attack.
The blink frog blinks!
The blink frog hits you!
You die...

♣PP≈≈≈≈≈≈≈≈≈♣..
♣≈≈≈≈≈≈≈≈≈PP♣..
.PP≈≈P≈≈≈P≈≈...
..≈P≈≈≈≈≈≈≈P≈...
......≈≈P≈≈≈≈≈≈P≈...
.#...≈PP≈≈≈≈≈≈≈≈...
..#..≈≈≈≈P.≈≈≈≈≈...
#...≈≈....@F≈≈≈...
#.........OF...... .
##.......†F....... >.
#..[.....†........
...#.................
#........†...<..........
..#..##...††............
#......##...............
.......###.............


You could see 3 blink frogs and a friendly ogre (summoned, berserk).

Vanquished Creatures
  Pikel (D:9)
  A cyclops (D:8)
  Joseph (D:8)
  4 cane toads (Lair:1)
  Psyche (D:9)
  The ghost of zeram the Covered, a novice GrFi (D:4)
  A komodo dragon (Lair:1)
  A troll (D:9)
  A blink frog (Lair:2)
  A basilisk (Lair:1)
  3 yaks (Lair:2)
  7 water moccasins
  A hornet zombie (D:5)
  An ice beast (D:7)
  5 orc warriors
  A black bear (D:4)
  2 necrophages
  2 ogres (D:6)
  16 wolves
  2 centaurs
  A phantom (D:5)
  4 lemures (D:9)
  2 kobold brigands
  3 bullfrogs
  A scorpion (D:7)
  7 wights
  A howler monkey (D:6)
  An electric eel (Lair:2)
  5 centaur zombies
  A bullfrog zombie (D:6)
  4 hounds
  A jelly (D:5)
  2 gnoll shamans
  6 orc priests
  3 centaur skeletons
  3 iguanas
  6 orc wizards
  Ijyb (D:3)
  Natasha (twice) (D:3)
  A killer bee zombie (D:7)
  A howler monkey zombie (D:6)
  10 gnolls
  A howler monkey skeleton (D:6)
  6 adders
  2 white imps
  An adder skeleton (D:4)
  A dart slug (D:4)
  39 orcs
  3 ball pythons (D:4)
  6 bats
  7 endoplasms
  5 giant cockroaches
  7 goblins
  10 hobgoblins
  2 quokkas
  2 frilled lizards (D:2)
  19 kobolds
  3 rats
233 creatures vanquished.

Vanquished Creatures (collateral kills)
  A blink frog (Lair:2)
1 creature vanquished.

Vanquished Creatures (others)
  7 fungi
  11 plants
18 creatures vanquished.

Grand Total: 252 creatures vanquished

Notes
Turn   | Place    | Note
-------+----------+-------------------------------------------
     0 | D:1      | browni3141 the Minotaur Berserker began the quest for the
                  | Orb.
     0 | D:1      | Reached XP level 1. HP: 19/19 MP: 0/0
   341 | D:1      | Found a faded altar of an unknown god.
   605 | D:1      | Reached skill level 1 in Shields
  1018 | D:1      | Reached XP level 2. HP: 27/27 MP: 1/1
  1192 | D:2      | Found a shadowy altar of Dithmenos.
  1211 | D:2      | Reached skill level 2 in Shields
  1369 | D:2      | Reached skill level 3 in Shields
  1375 | D:2      | Reached XP level 3. HP: 32/33 MP: 2/2
  1790 | D:3      | Noticed Natasha
  1801 | D:3      | Killed Natasha
  1801 | D:3      | Reached ** piety under Trog
  1802 | D:3      | Reached skill level 4 in Shields
  1975 | D:3      | Found an ornate altar of the Wu Jian Council.
  2011 | D:3      | Noticed a water moccasin
  2022 | D:3      | Killed a water moccasin
  2023 | D:3      | Reached skill level 5 in Shields
  2023 | D:3      | Reached XP level 4. HP: 40/40 MP: 3/3
  2023 | D:3      | Reached XP level 5. HP: 46/46 MP: 4/4
  2339 | D:3      | Reached skill level 6 in Shields
  2436 | D:3      | Found Cag Awuxt's General Store.
  2523 | D:3      | Noticed Ijyb
  2530 | D:3      | Killed Ijyb
  2801 | D:3      | Noticed Natasha
  2804 | D:3      | Killed Natasha
  2953 | D:4      | Found a shadowy altar of Dithmenos.
  3121 | D:4      | Found an iron altar of Okawaru.
  3181 | D:4      | Reached XP level 6. HP: 52/52 MP: 5/5
  3392 | D:4      | Reached skill level 7 in Shields
  4043 | D:4      | Found a runed translucent gate.
  4043 | D:4      | Found a runed translucent gate.
  4043 | D:4      | Found a runed translucent gate.
  4044 | D:4      | Noticed zeram's ghost (novice GrFi)
  4234 | D:4      | Reached XP level 7. HP: 60/60 MP: 6/6
  4235 | D:4      | Killed zeram's ghost
  4236 | D:4      | Reached skill level 5 in Fighting
  4236 | D:4      | Reached skill level 5 in Axes
  4396 | D:5      | Entered Level 5 of the Dungeon
  4742 | D:5      | Reached *** piety under Trog
  5153 | D:5      | Reached skill level 8 in Shields
  5153 | D:5      | Reached XP level 8. HP: 66/69 MP: 7/7
  5577 | D:6      | Reached skill level 5 in Armour
  5695 | D:6      | Identified the +2 leather armour of the Dropbear {rF+ Str+7
                  | Dex+3}
  5813 | D:6      | Found a staircase to the Ecumenical Temple.
  6538 | D:6      | Found an opulent altar of Gozag.
  6539 | D:6      | Found a sparkling altar of Nemelex Xobeh.
  7371 | D:7      | Reached skill level 9 in Shields
  7373 | D:7      | Reached XP level 9. HP: 76/78 MP: 8/8
  8183 | D:8      | Noticed a cyclops
  8188 | D:8      | Killed a cyclops
  8254 | D:8      | Noticed Joseph
  8265 | D:8      | Killed Joseph
  8266 | D:8      | Reached skill level 5 in Dodging
  8347 | D:8      | Reached skill level 10 in Shields
  8385 | D:8      | Reached **** piety under Trog
  8885 | Temple   | Entered the Ecumenical Temple
  8938 | D:9      | Noticed Psyche
  8945 | D:9      | Killed Psyche
  8946 | D:9      | Reached XP level 10. HP: 90/90 MP: 9/9
  9047 | D:9      | Found a staircase to the Lair.
  9628 | D:9      | Noticed Pikel
  9640 | D:9      | Killed Pikel
 10218 | Lair:1   | Entered Level 1 of the Lair of Beasts
 10248 | Lair:1   | Noticed a cane toad
 10253 | Lair:1   | Killed a cane toad
 10389 | Lair:1   | Reached skill level 11 in Shields
 11008 | Lair:1   | Noticed a cane toad
 11015 | Lair:1   | Killed a cane toad
 11041 | Lair:1   | Noticed a cane toad
 11047 | Lair:1   | Killed a cane toad
 11071 | Lair:1   | Noticed a cane toad
 11074 | Lair:1   | Killed a cane toad
 11283 | Lair:2   | Reached skill level 10 in Axes
 11283 | Lair:2   | Reached XP level 11. HP: 63/99 MP: 10/10
 11284 | Lair:2   | Reached skill level 10 in Fighting
 11496 | Lair:2   | Reached skill level 10 in Armour
 11513 | Lair:2   | Slain by a blink frog

Illustrated notes

Levels and vault maps discovered:
D:1:      dpeg_arrival_concentric_ovals, layout_basic,
          hellmonk_ecumenical_altar_run_dry, roderic_lattice_a
D:2:      layout_basic, basic_altar, kennysheep_nub
D:3:      layout_loops_ring, overflow_temple_1_default, serial_shops, shop,
          minmay_misc_feat_ornament, kennysheep_generic_room_16, uniq_natasha,
          uniq_ijyb
D:4:      nicolae_cairo_tiling, layout_basic, nicolae_dithmenos_shadow_blocks,
          okawaru_ov_weapons_minmay, gammafunk_ghost_nasty_kobolds,
          saegor_snake_ambush
D:5:      layout_layer_cave
D:6:      layout_layer_cave, grunt_temple_overflow_opulence,
          minmay_temple_entry_antechambers, hangedman_decor_lopped
D:7:      layout_loops_corners
D:8:      layout_basic, uniq_joseph
D:9:      layout_roguey, dpeg_oklobed_lair, nicolae_zen_rock_garden,
          grunt_decor_mini_mirrors, uniq_psyche, uniq_pikel
Temple:   lightli_temple_of_artemis
Lair:1:   layout_hall_layers, minivault_23
Lair:2:   layout_regular_city, serial_bayou_shore_b, grunt_megastairs_2,
          serial_bayou_shore_a

Skill      XL: |  1  2  3  4  5  6  7  8  9 10 11 |
---------------+----------------------------------+-----
Shields        | 1 3 5 6 7 8 9 10 11 | 11.9
Fighting       | 4 5 6 8 9 10 | 10.4
Axes           | 4 5 6 8 10 | 10.4
Armour         | 3 4 6 8 9 10 | 10.1
Dodging        | 3 4 5 |  5.0

Action                   |  1- 3 |  4- 6 |  7- 9 | 10-12 || total
-------------------------+-------+-------+-------+-------++-------
Melee: Hand axe          |    83 |    19 |       |       ||   102
       Headbutt          |    16 |    20 |    48 |    26 ||   110
       War axe           |       |   104 |   220 |   161 ||   485
Invok: Berserk           |     1 |     1 |     7 |     3 ||    12
       Brothers in Arms  |       |       |       |     1 ||     1
  Use: Scroll            |       |       |       |     9 ||     9
Armor: Chain mail        |    44 |    71 |    35 |       ||   150
       Leather armour    |       |       |    41 |       ||    41
       Plate armour      |       |       |     2 |   106 ||   108
Dodge: Dodged            |    15 |    28 |    60 |    77 ||   180
Block: Tower shield      |    62 |   102 |   203 |   198 ||   565
